Map: Romanticide LE

Players

SKillous - Winner!

  • Race: Protoss Protoss

Krystianer

  • Race: Protoss Protoss

Event: DreamHack SC2 Masters 2021 Winter

VOD

Have the link to the VOD?

Description

Time

  • Played on: Oct. 7, 2021, 11:08 a.m.
  • Length: 7:25

All games in this series

Show
View Real Time Build Order
Export as new Build Order

SKillous Protoss - Winner!

Build Orders:  

Get SALT Encoding   

  12  0:00  Probe  
  13  0:12  Probe  
  14  0:17  Pylon  
  14  0:24  Probe (Chrono Boost)  
  15  0:36  Probe (Chrono Boost)  
  15  0:37  Gateway  
  16  0:44  Probe (Chrono Boost)  
  16  0:46  Assimilator  
  17  0:50  Probe  
  17  0:54  Assimilator  
  18  1:03  Probe (Chrono Boost)  
  19  1:07  Gateway  
  19  1:13  Probe (Chrono Boost)  
  19  1:18  Probe  
  20  1:24  Cybernetics Core  
  21  1:30  Probe  
  22  1:33  Pylon  
  22  1:42  Probe  
  23  2:00  Robotics Facility  
  23  2:02  Stalker  
  23  2:04  Stalker  
  27  2:09  Warp Gate  
  27  2:15  Pylon  
  27  2:32  Stalker  
  27  2:34  Stalker  
  30  2:45  Immortal (Chrono Boost)  
  34  3:02  Probe  
  34  3:05  Sentry  
  37  3:13  Warp Prism (Chrono Boost)  
  37  3:19  Pylon  
  39  3:30  Shield Battery  
  39  3:45  Immortal  
  43  3:57  Stalker  
  43  3:58  Stalker  
  47  4:03  Pylon  
  47  4:25  Adept x2  
  47  4:26  Observer  
  47  4:27  Pylon  
  48  4:46  Twilight Council  
  48  4:53  Stalker  
  48  4:54  Stalker  
  48  4:57  Observer  
  52  5:02  Pylon  
  54  5:27  Stalker  
  54  5:28  Dark Shrine  
  56  5:34  Stalker  
  58  5:39  Observer  
  56  5:45  Gateway  
  56  5:53  Stalker  
  58  5:58  Pylon  
  58  6:11  Stalker  
  60  6:30  Stalker  
  62  6:33  Pylon  
  62  6:34  Pylon  
  62  6:35  Pylon  
  62  6:53  Dark Templar x2  
  66  6:55  Probe  
  53  7:18  Stalker  
Show
View Real Time Build Order
Export as new Build Order

Krystianer Protoss 

Build Orders: Blink Stalkers 

Get SALT Encoding   

  12  0:00  Probe  
  13  0:12  Probe  
  14  0:17  Pylon  
  14  0:24  Probe (Chrono Boost)  
  15  0:36  Probe (Chrono Boost)  
  15  0:37  Gateway  
  16  0:44  Probe (Chrono Boost)  
  16  0:45  Assimilator  
  17  0:50  Probe  
  17  0:56  Assimilator  
  18  1:03  Probe (Chrono Boost)  
  19  1:07  Gateway  
  20  1:12  Probe (Chrono Boost)  
  20  1:17  Probe (Chrono Boost)  
  20  1:24  Cybernetics Core  
  21  1:29  Probe  
  22  1:36  Pylon  
  22  1:41  Probe  
  23  1:54  Probe  
  23  2:00  Stalker x2, Warp Gate  
  28  2:12  Pylon  
  28  2:29  Twilight Council  
  28  2:31  Stalker  
  28  2:35  Stalker  
  31  2:57  Blink (Chrono Boost)  
  31  3:06  Pylon  
  31  3:12  Stalker  
  33  3:18  Shield Battery  
  33  3:23  Gateway  
  33  3:25  Gateway  
  33  3:35  Pylon  
  33  3:50  Stalker  
  33  3:51  Stalker  
  37  3:57  Pylon  
  37  4:15  Stalker x2  
  41  4:18  Stalker  
  43  4:26  Shield Battery  
  43  4:30  Stalker  
  45  4:44  Probe  
  43  4:47  Stalker  
  45  4:56  Probe  
  45  4:57  Sentry  
  48  5:02  Gateway  
  47  5:14  Probe  
  44  5:22  Stalker  
  44  5:23  Stalker  
  48  5:46  Stalker x2  
  52  6:08  Pylon  
  52  6:09  Robotics Facility  
  52  6:10  Stalker  
  54  6:30  Stalker x2  
  58  6:35  Stalker  
  58  6:38  Pylon  
  58  6:59  Stalker x2  
  58  7:02  Observer (Chrono Boost)  
  58  7:07  Stalker  

Tags
 
Add a new tag
Caveats
  • Supply blocks, unpowered buildings, or Contaminate may cause inaccurate times.
  • Supply counts are checked every 10 seconds.